AoeStats
← EiskalterEngel

MegaRandom

509196171Analyzed
3v3 RM · 8d ago on Sep 25, 2026· 24m 44s· 6 players
Game mode
Random Map
Map size
Normal (6 player)
Population
200
Speed
Normal
Resources
Standard
Victory
Conquest
Starting age
Dark Age
Ending age
Imperial Age
RankedLock teamsTeams togetherTeam positionsShared explorationLock speedFull tech treeHidden civsTurbo modeCheats
Victory
Defeat
🇩🇪 Vikings · Germany
1072
+16
🇩🇪 Persians · Germany
1021
+18
🇩🇪 Huns · Germany
983
+19
🇮🇹 Britons · Italy
1107
-20
🇮🇹 Varangians · Italy
1105
-19
🇮🇹 Spanish · Italy
979
-14
Options1986
2:52 Loom
11:41 Feudal Age
11:52 Man-at-Arms
12:26 Fishing Lines
14:37 Double-Bit Axe
15:48 Town Watch
18:46 Arson
20:33 Fletching
26:35 Castle Age
mattinstat
12:02 Feudal Age
12:56 Fishing Lines
14:18 Scale Barding Armor
14:24 Forging
14:26 Loom
14:27 Town Watch
18:09 Castle Age
19:28 Gillnets
21:13 Wheelbarrow
20:38 Fletching
20:49 Padded Archer Armor
Ferdinando III
3:10 Loom
12:57 Feudal Age
13:50 Double-Bit Axe
20:55 Wheelbarrow
20:06 Town Watch
Kampfgnom
5:36 Loom
10:15 Feudal Age
19:56 Castle Age
20:54 Double-Bit Axe
Evil_Tehrana
2:30 Loom
12:13 Feudal Age
13:16 Double-Bit Axe
15:11 Gold Mining
15:20 Fletching
19:01 Fishing Lines
22:24 Castle Age
22:54 Padded Archer Armor
22:47 Horse Collar
23:07 Bodkin Arrow
23:43 Crossbowman
EiskalterEngel
4:59 Loom
11:43 Feudal Age
16:58 Castle Age
18:26 Man-at-Arms
24:16 Husbandry
23:38 Light Cavalry
Connection lost

Rejoining the realm…

Still unreachable

The connection could not be restored.

Session expired

The server has moved on; the page needs a fresh start.